BR
SANTA ANNA DUKES @ RANCHO CUCAMONGA SICK MONKEYS
09/01/2027
 
TOP OF THE 1ST
Santa Anna Dukes batting - Pitching for Rancho Cucamonga Sick Monkeys : LHP Ángel Árias
Pitching: LHP Ángel Árias
Batting: RHB John Hutchins 0-0: Called Strike
0-1: Ball
1-1: Ball
2-1: Swinging Strike
2-2: Foul Ball, location: 2F
2-2: Ball
3-2: Base on Balls
Batting: RHB Ben Wilson 0-0: Ball
1-0: Called Strike
1-1: Called Strike
1-2: Ball
2-2: Fly out, F3 (Popup, 34S)
Batting: RHB Jesús Velásquez 0-0: Called Strike
John Hutchins steals 2nd base
0-1: Called Strike
John Hutchins steals 3rd base
0-2: Ball
1-2: Ball
2-2: DOUBLE (Flyball, 78D)
John Hutchins scores
Batting: RHB Scott McGuire 0-0: Ball
1-0: Foul Ball, location: 2F
1-1: Called Strike
1-2: Ball
2-2: Foul Ball, location: 2F
2-2: Ground out 4-3 (Groundball, 4)
Jesús Velásquez to third
Batting: SHB Jerry Young 0-0: Ball
1-0: Swinging Strike
1-1: Ground out 6-3 (Groundball, 6)
Top of the 1st over - 1 run(s), 1 hit(s), 0 error(s), 1 left on base; Santa Anna 1 - Rancho Cucamonga 0
BOTTOM OF THE 1ST
Rancho Cucamonga Sick Monkeys batting - Pitching for Santa Anna Dukes : RHP Nelson Dixon
Pitching: RHP Nelson Dixon
Batting: SHB Jorge Maldonado 0-0: Ball
1-0: Foul Ball, location: 2F
1-1: Foul Ball, location: 2F
1-2: Fly out, F7 (Flyball, 78M)
Batting: LHB Paco Córdova 0-0: Ball
1-0: SINGLE (Line Drive, 56D)
Batting: LHB Carl Hayden 0-0: Ball
1-0: Foul Ball, location: 2F
1-1: Called Strike
1-2: Ball
2-2: Ball
3-2: Foul Ball, location: 2F
3-2: Strikes out swinging
Batting: LHB Paul Holcomb 0-0: Ball
1-0: Swinging Strike
1-1: Ball
2-1: Fielders Choice at 2nd, 4-6 (Groundball, 4)
Bottom of the 1st over - 0 run(s), 1 hit(s), 0 error(s), 0 left on base; Santa Anna 1 - Rancho Cucamonga 0
TOP OF THE 2ND
Santa Anna Dukes batting - Pitching for Rancho Cucamonga Sick Monkeys : LHP Ángel Árias
Batting: RHB William Elliott 0-0: Ball
1-0: Ground out 6-3 (Groundball, 6)
Batting: LHB Tony Beck 0-0: Ball
1-0: Foul Ball, location: 2F
1-1: Swinging Strike
1-2: Ground out 3-1 (Groundball, 34)
Batting: LHB Dave Reynolds 0-0: Ball
1-0: Called Strike
1-1: Foul Ball, location: 2F
1-2: Ground out 4-3 (Groundball, 34)
Top of the 2nd over - 0 run(s), 0 hit(s), 0 error(s), 0 left on base; Santa Anna 1 - Rancho Cucamonga 0
BOTTOM OF THE 2ND
Rancho Cucamonga Sick Monkeys batting - Pitching for Santa Anna Dukes : RHP Nelson Dixon
Batting: LHB Ed Ballard 0-0: Ball
1-0: Fly out, F7 (Flyball, 7)
Batting: RHB Orlando González 0-0: Ball
1-0: Ball
2-0: Foul Ball, location: 2F
2-1: Foul Ball, location: 2F
2-2: Ball
3-2: Foul Ball, location: 2F
3-2: Base on Balls
Batting: RHB Roberto Quiñones 0-0: Fly out, F9 (Flyball, 9S)
Batting: RHB Jeremy Davis 0-0: Called Strike
0-1: Ball
1-1: Foul Ball, location: 2F
1-2: Ball
2-2: Fielders Choice at 2nd, 6-4 (Groundball, 6)
Bottom of the 2nd over - 0 run(s), 0 hit(s), 0 error(s), 0 left on base; Santa Anna 1 - Rancho Cucamonga 0
TOP OF THE 3RD
Santa Anna Dukes batting - Pitching for Rancho Cucamonga Sick Monkeys : LHP Ángel Árias
Batting: RHB Brian Martínez 0-0: Called Strike
0-1: Foul Ball, location: 2F
0-2: Strikes out looking
Batting: RHB John Hutchins 0-0: Ball
1-0: Ground out 6-3 (Groundball, 6)
Batting: RHB Ben Wilson 0-0: Fly out, F6 (Popup, 6D)
Top of the 3rd over - 0 run(s), 0 hit(s), 0 error(s), 0 left on base; Santa Anna 1 - Rancho Cucamonga 0
BOTTOM OF THE 3RD
Rancho Cucamonga Sick Monkeys batting - Pitching for Santa Anna Dukes : RHP Nelson Dixon
Batting: SHB Keith Hale 0-0: Ground out 3-1 (Groundball, 34)
Batting: SHB Jorge Maldonado 0-0: Swinging Strike
0-1: Ball
1-1: Ball
2-1: Foul Ball, location: 2F
2-2: Ball
3-2: Foul Ball, location: 2F
3-2: Ground out 4-3 (Groundball, 4)
Batting: LHB Paco Córdova 0-0: Foul Ball, location: 2F
0-1: Ball
1-1: Called Strike
1-2: Ball
2-2: Ball
3-2: Base on Balls
Batting: LHB Carl Hayden 0-0: Ball
Paco Córdova is caught stealing 2nd base
Bottom of the 3rd over - 0 run(s), 0 hit(s), 0 error(s), 0 left on base; Santa Anna 1 - Rancho Cucamonga 0
TOP OF THE 4TH
Santa Anna Dukes batting - Pitching for Rancho Cucamonga Sick Monkeys : LHP Ángel Árias
Batting: RHB Jesús Velásquez 0-0: Ball
1-0: Ball
2-0: Ground out 6-3 (Groundball, 6)
Batting: RHB Scott McGuire 0-0: Ball
1-0: Called Strike
1-1: Ball
2-1: Fly out, F7 (Flyball, 78S)
Batting: SHB Jerry Young 0-0: Called Strike
0-1: Ball
1-1: Fly out, F8 (Flyball, 8LM)
Top of the 4th over - 0 run(s), 0 hit(s), 0 error(s), 0 left on base; Santa Anna 1 - Rancho Cucamonga 0
BOTTOM OF THE 4TH
Rancho Cucamonga Sick Monkeys batting - Pitching for Santa Anna Dukes : RHP Nelson Dixon
Batting: LHB Carl Hayden 0-0: Foul Ball, location: 2F
0-1: Ball
1-1: Ball
2-1: SOLO HOME RUN (Flyball, 7D), Distance : 427 ft
Batting: LHB Paul Holcomb 0-0: Swinging Strike
0-1: Foul Ball, location: 2F
0-2: Ball
1-2: Strikes out looking
Batting: LHB Ed Ballard 0-0: SINGLE (Flyball, 8LS)
Batting: RHB Orlando González 0-0: Fly out, F8 (Flyball, 8LM)
Batting: RHB Roberto Quiñones 0-0: Ball
1-0: Called Strike
1-1: Ball
2-1: Called Strike
2-2: Foul Ball, location: 2F
2-2: Ball
3-2: Foul Ball, location: 2F
3-2: Foul Ball, location: 2F
3-2: Ground out 5-3 (Groundball, 56)
Bottom of the 4th over - 1 run(s), 2 hit(s), 0 error(s), 1 left on base; Santa Anna 1 - Rancho Cucamonga 1
TOP OF THE 5TH
Santa Anna Dukes batting - Pitching for Rancho Cucamonga Sick Monkeys : LHP Ángel Árias
Batting: RHB William Elliott 0-0: Called Strike
0-1: Ball
1-1: Ball
2-1: Ball
3-1: Called Strike
3-2: Base on Balls
Batting: LHB Tony Beck 0-0: Ball
1-0: Ball
2-0: Ball
3-0: Called Strike
3-1: Base on Balls
William Elliott to second
Batting: LHB Dave Reynolds 0-0: Ball
1-0: Swinging Strike
1-1: Called Strike
1-2: Ball
2-2: Foul Ball, location: 2F
2-2: Foul Ball, location: 2F
2-2: Grounds into double play, 4-6-3 (Groundball, 4)
William Elliott to third
Batting: RHB Brian Martínez 0-0: Ball
1-0: Swinging Strike
1-1: Called Strike
1-2: Foul Ball, location: 2F
1-2: Foul Ball, location: 2F
1-2: Ball
2-2: Strikes out looking
Top of the 5th over - 0 run(s), 0 hit(s), 0 error(s), 1 left on base; Santa Anna 1 - Rancho Cucamonga 1
BOTTOM OF THE 5TH
Rancho Cucamonga Sick Monkeys batting - Pitching for Santa Anna Dukes : RHP Nelson Dixon
Batting: RHB Jeremy Davis 0-0: Swinging Strike
0-1: SINGLE (Groundball, 56D)
Batting: SHB Keith Hale 0-0: Fly out, F6 (Popup, 6D)
Batting: SHB Jorge Maldonado 0-0: Ball
1-0: Swinging Strike
1-1: Ball
Jeremy Davis steals 2nd base
2-1: Ground out 4-3 (Groundball, 4)
Jeremy Davis to third
Batting: LHB Paco Córdova 0-0: Ball
1-0: Foul Ball, location: 2F
1-1: Ball
2-1: Foul Ball, location: 2F
2-2: Foul Ball, location: 2F
2-2: Strikes out swinging
Bottom of the 5th over - 0 run(s), 1 hit(s), 0 error(s), 1 left on base; Santa Anna 1 - Rancho Cucamonga 1
TOP OF THE 6TH
Santa Anna Dukes batting - Pitching for Rancho Cucamonga Sick Monkeys : LHP Ángel Árias
Batting: RHB John Hutchins 0-0: SINGLE (Line Drive, 8LS)
Batting: RHB Ben Wilson 0-0: Ball
1-0: Grounds into double play, 6-4-3 (Groundball, 6M)
Batting: RHB Jesús Velásquez 0-0: Called Strike
0-1: Foul Ball, location: 2F
0-2: Ball
1-2: SINGLE (Groundball, 56D)
Pitching: RHP Héctor Fabián
Batting: RHB Scott McGuire 0-0: Called Strike
0-1: Called Strike
Jesús Velásquez steals 2nd base
0-2: Fly out, F8 (Flyball, 89S)
Top of the 6th over - 0 run(s), 2 hit(s), 0 error(s), 1 left on base; Santa Anna 1 - Rancho Cucamonga 1
BOTTOM OF THE 6TH
Rancho Cucamonga Sick Monkeys batting - Pitching for Santa Anna Dukes : RHP Nelson Dixon
Batting: LHB Carl Hayden 0-0: Ball
1-0: Foul Ball, location: 2F
1-1: Ball
2-1: Foul Ball, location: 2F
2-2: Ball
3-2: Foul Ball, location: 2F
3-2: Foul Ball, location: 2F
3-2: Foul Ball, location: 2F
3-2: Ground out 4-3 (Groundball, 4)
Pitching: RHP José Braceiras
Batting: LHB Paul Holcomb 0-0: Foul Ball, location: 2F
0-1: Swinging Strike
0-2: Ball
1-2: Foul Ball, location: 2F
1-2: Strikes out swinging
Batting: LHB Ed Ballard 0-0: Called Strike
0-1: Fly out, F7 (Flyball, 78M)
Bottom of the 6th over - 0 run(s), 0 hit(s), 0 error(s), 0 left on base; Santa Anna 1 - Rancho Cucamonga 1
TOP OF THE 7TH
Santa Anna Dukes batting - Pitching for Rancho Cucamonga Sick Monkeys : RHP Héctor Fabián
Pinch Hitting: RHB Alberto Morín 0-0: Ball
1-0: Swinging Strike
1-1: Ball
2-1: Called Strike
2-2: Ball
3-2: Strikes out swinging
Pinch Hitting: LHB John Miller 0-0: Called Strike
0-1: Ball
1-1: Swinging Strike
1-2: Ball
2-2: Ball
3-2: Foul Ball, location: 2F
3-2: Strikes out swinging
Batting: LHB Tony Beck 0-0: Ball
1-0: Ball
2-0: Ball
3-0: Base on Balls
Batting: LHB Dave Reynolds 0-0: Ball
1-0: Called Strike
1-1: Ball
2-1: Ball
3-1: Base on Balls
Tony Beck to second
Pinch Hitting: SHB Lonnie Washington 0-0: Called Strike
0-1: Ball
1-1: Ball
2-1: SINGLE (Groundball, 34D)
Tony Beck to third
Dave Reynolds to second
Runner from 3rd tries for Home, SAFE, no throw
Pinch Hitting: RHB Júlio González 0-0: Foul Ball, location: 2F
0-1: Ball
1-1: Foul Ball, location: 2F
1-2: Ground out 3-1 (Groundball, 34)
Top of the 7th over - 1 run(s), 1 hit(s), 0 error(s), 2 left on base; Santa Anna 2 - Rancho Cucamonga 1
BOTTOM OF THE 7TH
Rancho Cucamonga Sick Monkeys batting - Pitching for Santa Anna Dukes : RHP José Braceiras
Now at 2B: Júlio González
Now at 3B: Jorge García
Now at SS: Alberto Morín
Now in RF: John Miller
Batting: RHB Orlando González 0-0: Foul Ball, location: 2F
0-1: Ball
1-1: Foul Ball, location: 2F
1-2: Foul Ball, location: 2F
1-2: Ball
2-2: Foul Ball, location: 2F
2-2: Ball
3-2: Fly out, F6 (Popup, 6MS)
Batting: RHB Roberto Quiñones 0-0: Ball
1-0: Swinging Strike
1-1: Swinging Strike
1-2: Ball
2-2: Ball
3-2: Strikes out looking
Batting: RHB Jeremy Davis 0-0: Called Strike
0-1: SINGLE (Flyball, 8RS)
Pinch Hitting: LHB Oliver Cruz 0-0: Ground out 1-3 (Groundball, 13S)
Bottom of the 7th over - 0 run(s), 1 hit(s), 0 error(s), 1 left on base; Santa Anna 2 - Rancho Cucamonga 1
TOP OF THE 8TH
Santa Anna Dukes batting - Pitching for Rancho Cucamonga Sick Monkeys : RHP Héctor Fabián
Now at 2B: Steve Meyers
Batting: RHB Ben Wilson 0-0: Called Strike
0-1: Swinging Strike
0-2: Foul Ball, location: 2F
0-2: Ball
1-2: Ball
2-2: Ground out 5-3 (Groundball, 56)
Batting: RHB Jesús Velásquez 0-0: Called Strike
0-1: Ball
1-1: Ball
2-1: Ball
3-1: Foul Ball, location: 2F
3-2: Fly out, F5 (Popup, 5D)
Batting: RHB Scott McGuire 0-0: Ball
1-0: Foul Ball, location: 2F
1-1: Foul Ball, location: 2F
1-2: Ball
2-2: Foul Ball, location: 2F
2-2: Strikes out looking
Top of the 8th over - 0 run(s), 0 hit(s), 0 error(s), 0 left on base; Santa Anna 2 - Rancho Cucamonga 1
BOTTOM OF THE 8TH
Rancho Cucamonga Sick Monkeys batting - Pitching for Santa Anna Dukes : RHP José Braceiras
Pitching: RHP A.J. Wellman
Batting: SHB Jorge Maldonado 0-0: Foul Ball, location: 2F
0-1: Foul Ball, location: 2F
0-2: Ball
1-2: Strikes out looking
Pitching: LHP Bobby Valentine
Batting: LHB Paco Córdova 0-0: Called Strike
0-1: Foul Ball, location: 2F
0-2: SINGLE (Flyball, 78S) - OUT at second base trying to stretch hit.
Batting: LHB Carl Hayden 0-0: Ball
1-0: Ball
2-0: Ball
3-0: Called Strike
3-1: Fly out, F7 (Flyball, 7LMF)
Bottom of the 8th over - 0 run(s), 1 hit(s), 0 error(s), 0 left on base; Santa Anna 2 - Rancho Cucamonga 1
TOP OF THE 9TH
Santa Anna Dukes batting - Pitching for Rancho Cucamonga Sick Monkeys : RHP Héctor Fabián
Pitching: RHP Freddy Morales
Batting: RHB Alberto Morín 0-0: Foul Ball, location: 2F
0-1: Foul Ball, location: 2F
0-2: Ball
1-2: Strikes out swinging
Batting: LHB John Miller 0-0: Fly out, F7 (Line Drive, 78M)
Batting: LHB Tony Beck 0-0: Ball
1-0: Called Strike
1-1: Foul Ball, location: 2F
1-2: Strikes out swinging
Top of the 9th over - 0 run(s), 0 hit(s), 0 error(s), 0 left on base; Santa Anna 2 - Rancho Cucamonga 1
BOTTOM OF THE 9TH
Rancho Cucamonga Sick Monkeys batting - Pitching for Santa Anna Dukes : LHP Bobby Valentine
Pinch Hitting: RHB Francis Land 0-0: Ball
1-0: Foul Ball, location: 2F
1-1: Ball
2-1: Ground out 6-3 (Groundball, 6D)
Pinch Hitting: RHB Dan McKay 0-0: Ball
1-0: Called Strike
1-1: Ball
2-1: Swinging Strike
2-2: Strikes out swinging
Batting: RHB Orlando González 0-0: Ball
1-0: Foul Ball, location: 2F
1-1: Ball
2-1: Swinging Strike
2-2: Foul Ball, location: 2F
2-2: Ground out 5-3 (Groundball, 5S)
Bottom of the 9th over - 0 run(s), 0 hit(s), 0 error(s), 0 left on base; Santa Anna 2 - Rancho Cucamonga 1
Thursday, March 30th, 2017 - OOTP Baseball 17.12 Build 75